 Dungeon Crawl Stone Soup version 0.28.0-49-g6dfe1f597d (webtiles) character file.

Game seed: 4726331617776204114

1 Zeld the Sneak (level 1, -2/20 HPs)
             Began as a Hill Orc Delver on May 12, 2022.
             Slain by an orc
             ... wielding a +0 short sword
              (4 damage)
             ... on level 4 of the Dungeon.
             The game lasted 00:00:47 (263 turns).

Zeld the Sneak (Hill Orc Delver)                     Turns: 263, Time: 00:00:48

Health: -2/20      AC:  3    Str: 14    XL:     1   Next: 20%
Magic:  1/1        EV: 11    Int: 10    God:
Gold:   0          SH:  0    Dex: 12    Spells: 0/0 levels left

rFire   . . .      SeeInvis .   a - +0 hand axe
rCold   . . .      Faith    .   (no shield)
rNeg    . . .      Spirit   .   b - +0 leather armour
rPois   .          Reflect  .   (no helmet)
rElec   .          Harm     .   (no cloak)
rCorr   .          Rampage  .   (no gloves)
Will    .....                   (no boots)
Stlth   ++........              (no amulet)
HPRegen 0.06/turn               (no ring)
MPRegen 0.07/turn               (no ring)

@: no status effects
A: no striking features
a: no special abilities


You were on level 4 of the Dungeon.
You visited 1 branch of the dungeon, and saw 2 of its levels.

Inventory:

Hand Weapons
 a - a +0 hand axe (weapon)
Armour
 b - a +0 leather armour (worn)
Wands
 g - a wand of digging (3)
Scrolls
 c - a scroll of fog
 e - a scroll of fear
Potions
 d - a potion of might {unknown}
 f - 2 potions of haste


   Skills:
 * Level 3.6 Fighting
 * Level 2.7 Axes
 + Level 0.0 Armour
 + Level 1.5 Dodging
 - Level 4.1 Stealth
 * Level 0.1 Evocations


You couldn't memorise any spells.
You didn't know any spells.
Your spell library was empty.

Dungeon Overview and Level Annotations

Branches:
Dungeon (5/15)
 Temple: D:4-7

Altars:

Annotations:
D:5 exclusion: black bear


Message History

You open the door.
There is an open door here.
You hear the slow rusting of a very distant drain.
A goblin comes into view. It is wielding a +0 dagger.
Okay, then.
There is an open door here.
As you read the scroll of magic mapping, it crumbles to dust.
You feel aware of your surroundings.
You sensed 1 shop/portal.
You hear the slow rusting of a drain nearby.
You open the door.
Found a robe.
There is an open door here.
You open the door.
Found a stone staircase leading up.
Found a ruby potion.
Found a ring mail.
Found a stone staircase leading down.
d - a ruby potion
There is a stone staircase leading down here.
A kobold comes into view. It is wielding a +0 short sword.
You hear the rusting of a very distant drain.
The kobold shouts!
You hear a shout!
An orc comes into view.
It is wielding a +0 club. 3 orcs come into view.
The orc moves out of view. x2
The orc shouts! x2
You hit the kobold.
You kill the kobold!
Things that are here:
a +0 short sword; a kobold corpse The orc closely misses you.
The orc hits you with a +0 mace.
You hit the orc but do no damage. You barely miss the orc. x2
The orc hits you with a +0 club. The orc hits you with a +0 whip.
The orc hits you with a +0 mace.
You closely miss the orc. You barely miss the orc. You hit the orc.
The orc closely misses you. The orc hits you with a +0 whip.
You barely miss the orc. x2; You closely miss the orc. x2
The orc hits you with a +0 club.
* * * LOW HITPOINT WARNING * * *
The orc closely misses you. The orc hits you with a +0 short sword.
You die...

**####################
*,...................#
*,...................#
*,......oo...........#
*,......o@)..........##
*,......o.............#
*,....................#
**##############......#
#......# #......###
***************#.#+#>[..#
*,,,,,,,,,,*,,,#..,+....#
*,,,,,,,,,,+,,,...,#....#


You could see 4 orcs.

Vanquished Creatures
  A kobold (D:4)
1 creature vanquished.

Notes
Turn   | Place    | Note
-------+----------+-------------------------------------------
     0 | D:5      | Zeld the Hill Orc Delver began the quest for the Orb.
     0 | D:5      | Reached XP level 1. HP: 19/19 MP: 1/1
    23 | D:5      | Noticed a black bear
    45 | D:5      | Noticed a hound
   263 | D:4      | Slain by an orc

Illustrated notes

Levels and vault maps discovered:
D:4:      layout_gridville, lightli_sewer_entry_pipes
D:5:      layout_gridville, lemuel_doored_altar, minmay_temple_entry_trees

Action                   || total
-------------------------++-------
Melee: Hand axe          ||     4
  Use: Scroll            ||     1
Dodge: Dodged            ||     3
